%YAML 1.1
%TAG !u! tag:unity3d.com,2011:
--- !u!1 &8940825171940337101
GameObject:
  m_ObjectHideFlags: 0
  m_CorrespondingSourceObject: {fileID: 0}
  m_PrefabInstance: {fileID: 0}
  m_PrefabAsset: {fileID: 0}
  serializedVersion: 6
  m_Component:
  - component: {fileID: 8940825171940337102}
  m_Layer: 0
  m_Name: Walls
  m_TagString: Untagged
  m_Icon: {fileID: 0}
  m_NavMeshLayer: 0
  m_StaticEditorFlags: 0
  m_IsActive: 1
--- !u!4 &8940825171940337102
Transform:
  m_ObjectHideFlags: 0
  m_CorrespondingSourceObject: {fileID: 0}
  m_PrefabInstance: {fileID: 0}
  m_PrefabAsset: {fileID: 0}
  m_GameObject: {fileID: 8940825171940337101}
  m_LocalRotation: {x: -0, y: -0, z: -0, w: 1}
  m_LocalPosition: {x: 0, y: 0, z: 0}
  m_LocalScale: {x: 1, y: 1, z: 1}
  m_Children:
  - {fileID: 8898149728258719539}
  - {fileID: 5512863527031871858}
  - {fileID: 8173208096035402631}
  - {fileID: 4930222375863420917}
  m_Father: {fileID: 8940825171999545660}
  m_RootOrder: 0
  m_LocalEulerAnglesHint: {x: 0, y: 0, z: 0}
--- !u!1 &8940825171999545659
GameObject:
  m_ObjectHideFlags: 0
  m_CorrespondingSourceObject: {fileID: 0}
  m_PrefabInstance: {fileID: 0}
  m_PrefabAsset: {fileID: 0}
  serializedVersion: 6
  m_Component:
  - component: {fileID: 8940825171999545660}
  m_Layer: 0
  m_Name: Room_ESW
  m_TagString: Untagged
  m_Icon: {fileID: 0}
  m_NavMeshLayer: 0
  m_StaticEditorFlags: 0
  m_IsActive: 1
--- !u!4 &8940825171999545660
Transform:
  m_ObjectHideFlags: 0
  m_CorrespondingSourceObject: {fileID: 0}
  m_PrefabInstance: {fileID: 0}
  m_PrefabAsset: {fileID: 0}
  m_GameObject: {fileID: 8940825171999545659}
  m_LocalRotation: {x: 0, y: 0, z: 0, w: 1}
  m_LocalPosition: {x: 0, y: 0, z: 0}
  m_LocalScale: {x: 2, y: 2, z: 2}
  m_Children:
  - {fileID: 8940825171940337102}
  - {fileID: 6193175064190631056}
  m_Father: {fileID: 0}
  m_RootOrder: 0
  m_LocalEulerAnglesHint: {x: 0, y: 0, z: 0}
--- !u!1001 &126768900488451168
PrefabInstance:
  m_ObjectHideFlags: 0
  serializedVersion: 2
  m_Modification:
    m_TransformParent: {fileID: 8940825171999545660}
    m_Modifications:
    - target: {fileID: 5807213983234543382, guid: 2f1deaeca67ba4257a75e76f19763469,
        type: 3}
      propertyPath: m_Name
      value: Floor
      objectReference: {fileID: 0}
    - target: {fileID: 6066573328193022192, guid: 2f1deaeca67ba4257a75e76f19763469,
        type: 3}
      propertyPath: m_LocalPosition.x
      value: 0
      objectReference: {fileID: 0}
    - target: {fileID: 6066573328193022192, guid: 2f1deaeca67ba4257a75e76f19763469,
        type: 3}
      propertyPath: m_LocalPosition.y
      value: 0
      objectReference: {fileID: 0}
    - target: {fileID: 6066573328193022192, guid: 2f1deaeca67ba4257a75e76f19763469,
        type: 3}
      propertyPath: m_LocalPosition.z
      value: 0
      objectReference: {fileID: 0}
    - target: {fileID: 6066573328193022192, guid: 2f1deaeca67ba4257a75e76f19763469,
        type: 3}
      propertyPath: m_LocalRotation.x
      value: 0
      objectReference: {fileID: 0}
    - target: {fileID: 6066573328193022192, guid: 2f1deaeca67ba4257a75e76f19763469,
        type: 3}
      propertyPath: m_LocalRotation.y
      value: 0
      objectReference: {fileID: 0}
    - target: {fileID: 6066573328193022192, guid: 2f1deaeca67ba4257a75e76f19763469,
        type: 3}
      propertyPath: m_LocalRotation.z
      value: 0
      objectReference: {fileID: 0}
    - target: {fileID: 6066573328193022192, guid: 2f1deaeca67ba4257a75e76f19763469,
        type: 3}
      propertyPath: m_LocalRotation.w
      value: 1
      objectReference: {fileID: 0}
    - target: {fileID: 6066573328193022192, guid: 2f1deaeca67ba4257a75e76f19763469,
        type: 3}
      propertyPath: m_RootOrder
      value: 1
      objectReference: {fileID: 0}
    - target: {fileID: 6066573328193022192, guid: 2f1deaeca67ba4257a75e76f19763469,
        type: 3}
      propertyPath: m_LocalEulerAnglesHint.x
      value: 0
      objectReference: {fileID: 0}
    - target: {fileID: 6066573328193022192, guid: 2f1deaeca67ba4257a75e76f19763469,
        type: 3}
      propertyPath: m_LocalEulerAnglesHint.y
      value: 0
      objectReference: {fileID: 0}
    - target: {fileID: 6066573328193022192, guid: 2f1deaeca67ba4257a75e76f19763469,
        type: 3}
      propertyPath: m_LocalEulerAnglesHint.z
      value: 0
      objectReference: {fileID: 0}
    m_RemovedComponents: []
  m_SourcePrefab: {fileID: 100100000, guid: 2f1deaeca67ba4257a75e76f19763469, type: 3}
--- !u!4 &6193175064190631056 stripped
Transform:
  m_CorrespondingSourceObject: {fileID: 6066573328193022192, guid: 2f1deaeca67ba4257a75e76f19763469,
    type: 3}
  m_PrefabInstance: {fileID: 126768900488451168}
  m_PrefabAsset: {fileID: 0}
--- !u!1001 &1189492827461672544
PrefabInstance:
  m_ObjectHideFlags: 0
  serializedVersion: 2
  m_Modification:
    m_TransformParent: {fileID: 8940825171940337102}
    m_Modifications:
    - target: {fileID: 6629383623060178705, guid: 2740a453d720f4e1388853887636a13a,
        type: 3}
      propertyPath: m_Name
      value: Wall_Door (1)
      objectReference: {fileID: 0}
    - target: {fileID: 6629383623060178706, guid: 2740a453d720f4e1388853887636a13a,
        type: 3}
      propertyPath: m_LocalPosition.x
      value: -3.95147
      objectReference: {fileID: 0}
    - target: {fileID: 6629383623060178706, guid: 2740a453d720f4e1388853887636a13a,
        type: 3}
      propertyPath: m_LocalPosition.y
      value: 0
      objectReference: {fileID: 0}
    - target: {fileID: 6629383623060178706, guid: 2740a453d720f4e1388853887636a13a,
        type: 3}
      propertyPath: m_LocalPosition.z
      value: 0
      objectReference: {fileID: 0}
    - target: {fileID: 6629383623060178706, guid: 2740a453d720f4e1388853887636a13a,
        type: 3}
      propertyPath: m_LocalRotation.x
      value: 0
      objectReference: {fileID: 0}
    - target: {fileID: 6629383623060178706, guid: 2740a453d720f4e1388853887636a13a,
        type: 3}
      propertyPath: m_LocalRotation.y
      value: 0.7071068
      objectReference: {fileID: 0}
    - target: {fileID: 6629383623060178706, guid: 2740a453d720f4e1388853887636a13a,
        type: 3}
      propertyPath: m_LocalRotation.z
      value: 0
      objectReference: {fileID: 0}
    - target: {fileID: 6629383623060178706, guid: 2740a453d720f4e1388853887636a13a,
        type: 3}
      propertyPath: m_LocalRotation.w
      value: 0.7071068
      objectReference: {fileID: 0}
    - target: {fileID: 6629383623060178706, guid: 2740a453d720f4e1388853887636a13a,
        type: 3}
      propertyPath: m_RootOrder
      value: 1
      objectReference: {fileID: 0}
    - target: {fileID: 6629383623060178706, guid: 2740a453d720f4e1388853887636a13a,
        type: 3}
      propertyPath: m_LocalEulerAnglesHint.x
      value: 0
      objectReference: {fileID: 0}
    - target: {fileID: 6629383623060178706, guid: 2740a453d720f4e1388853887636a13a,
        type: 3}
      propertyPath: m_LocalEulerAnglesHint.y
      value: 90
      objectReference: {fileID: 0}
    - target: {fileID: 6629383623060178706, guid: 2740a453d720f4e1388853887636a13a,
        type: 3}
      propertyPath: m_LocalEulerAnglesHint.z
      value: 0
      objectReference: {fileID: 0}
    - target: {fileID: 6629383623060178710, guid: 2740a453d720f4e1388853887636a13a,
        type: 3}
      propertyPath: m_Mesh
      value: 
      objectReference: {fileID: 0}
    - target: {fileID: 6629383623060178707, guid: 2740a453d720f4e1388853887636a13a,
        type: 3}
      propertyPath: m_Mesh
      value: 
      objectReference: {fileID: 0}
    m_RemovedComponents: []
  m_SourcePrefab: {fileID: 100100000, guid: 2740a453d720f4e1388853887636a13a, type: 3}
--- !u!4 &5512863527031871858 stripped
Transform:
  m_CorrespondingSourceObject: {fileID: 6629383623060178706, guid: 2740a453d720f4e1388853887636a13a,
    type: 3}
  m_PrefabInstance: {fileID: 1189492827461672544}
  m_PrefabAsset: {fileID: 0}
--- !u!1001 &1759753408892289255
PrefabInstance:
  m_ObjectHideFlags: 0
  serializedVersion: 2
  m_Modification:
    m_TransformParent: {fileID: 8940825171940337102}
    m_Modifications:
    - target: {fileID: 6629383623060178705, guid: 15a73317299fc4fd79d12a73bcb5993e,
        type: 3}
      propertyPath: m_Name
      value: Wall
      objectReference: {fileID: 0}
    - target: {fileID: 6629383623060178706, guid: 15a73317299fc4fd79d12a73bcb5993e,
        type: 3}
      propertyPath: m_LocalPosition.x
      value: 0
      objectReference: {fileID: 0}
    - target: {fileID: 6629383623060178706, guid: 15a73317299fc4fd79d12a73bcb5993e,
        type: 3}
      propertyPath: m_LocalPosition.y
      value: 0
      objectReference: {fileID: 0}
    - target: {fileID: 6629383623060178706, guid: 15a73317299fc4fd79d12a73bcb5993e,
        type: 3}
      propertyPath: m_LocalPosition.z
      value: 4
      objectReference: {fileID: 0}
    - target: {fileID: 6629383623060178706, guid: 15a73317299fc4fd79d12a73bcb5993e,
        type: 3}
      propertyPath: m_LocalRotation.x
      value: -0
      objectReference: {fileID: 0}
    - target: {fileID: 6629383623060178706, guid: 15a73317299fc4fd79d12a73bcb5993e,
        type: 3}
      propertyPath: m_LocalRotation.y
      value: -1
      objectReference: {fileID: 0}
    - target: {fileID: 6629383623060178706, guid: 15a73317299fc4fd79d12a73bcb5993e,
        type: 3}
      propertyPath: m_LocalRotation.z
      value: -0
      objectReference: {fileID: 0}
    - target: {fileID: 6629383623060178706, guid: 15a73317299fc4fd79d12a73bcb5993e,
        type: 3}
      propertyPath: m_LocalRotation.w
      value: 0.00000058114523
      objectReference: {fileID: 0}
    - target: {fileID: 6629383623060178706, guid: 15a73317299fc4fd79d12a73bcb5993e,
        type: 3}
      propertyPath: m_RootOrder
      value: 3
      objectReference: {fileID: 0}
    - target: {fileID: 6629383623060178706, guid: 15a73317299fc4fd79d12a73bcb5993e,
        type: 3}
      propertyPath: m_LocalEulerAnglesHint.x
      value: 0
      objectReference: {fileID: 0}
    - target: {fileID: 6629383623060178706, guid: 15a73317299fc4fd79d12a73bcb5993e,
        type: 3}
      propertyPath: m_LocalEulerAnglesHint.y
      value: -180.00002
      objectReference: {fileID: 0}
    - target: {fileID: 6629383623060178706, guid: 15a73317299fc4fd79d12a73bcb5993e,
        type: 3}
      propertyPath: m_LocalEulerAnglesHint.z
      value: 0
      objectReference: {fileID: 0}
    - target: {fileID: 6629383623060178710, guid: 15a73317299fc4fd79d12a73bcb5993e,
        type: 3}
      propertyPath: m_Mesh
      value: 
      objectReference: {fileID: 0}
    - target: {fileID: 6629383623060178707, guid: 15a73317299fc4fd79d12a73bcb5993e,
        type: 3}
      propertyPath: m_Mesh
      value: 
      objectReference: {fileID: 0}
    m_RemovedComponents: []
  m_SourcePrefab: {fileID: 100100000, guid: 15a73317299fc4fd79d12a73bcb5993e, type: 3}
--- !u!4 &4930222375863420917 stripped
Transform:
  m_CorrespondingSourceObject: {fileID: 6629383623060178706, guid: 15a73317299fc4fd79d12a73bcb5993e,
    type: 3}
  m_PrefabInstance: {fileID: 1759753408892289255}
  m_PrefabAsset: {fileID: 0}
--- !u!1001 &2845387999851722785
PrefabInstance:
  m_ObjectHideFlags: 0
  serializedVersion: 2
  m_Modification:
    m_TransformParent: {fileID: 8940825171940337102}
    m_Modifications:
    - target: {fileID: 6629383623060178705, guid: 2740a453d720f4e1388853887636a13a,
        type: 3}
      propertyPath: m_Name
      value: Wall_Door
      objectReference: {fileID: 0}
    - target: {fileID: 6629383623060178706, guid: 2740a453d720f4e1388853887636a13a,
        type: 3}
      propertyPath: m_LocalPosition.x
      value: 4
      objectReference: {fileID: 0}
    - target: {fileID: 6629383623060178706, guid: 2740a453d720f4e1388853887636a13a,
        type: 3}
      propertyPath: m_LocalPosition.y
      value: 0
      objectReference: {fileID: 0}
    - target: {fileID: 6629383623060178706, guid: 2740a453d720f4e1388853887636a13a,
        type: 3}
      propertyPath: m_LocalPosition.z
      value: 0
      objectReference: {fileID: 0}
    - target: {fileID: 6629383623060178706, guid: 2740a453d720f4e1388853887636a13a,
        type: 3}
      propertyPath: m_LocalRotation.x
      value: -0
      objectReference: {fileID: 0}
    - target: {fileID: 6629383623060178706, guid: 2740a453d720f4e1388853887636a13a,
        type: 3}
      propertyPath: m_LocalRotation.y
      value: -0.70710677
      objectReference: {fileID: 0}
    - target: {fileID: 6629383623060178706, guid: 2740a453d720f4e1388853887636a13a,
        type: 3}
      propertyPath: m_LocalRotation.z
      value: -0
      objectReference: {fileID: 0}
    - target: {fileID: 6629383623060178706, guid: 2740a453d720f4e1388853887636a13a,
        type: 3}
      propertyPath: m_LocalRotation.w
      value: 0.7071068
      objectReference: {fileID: 0}
    - target: {fileID: 6629383623060178706, guid: 2740a453d720f4e1388853887636a13a,
        type: 3}
      propertyPath: m_RootOrder
      value: 0
      objectReference: {fileID: 0}
    - target: {fileID: 6629383623060178706, guid: 2740a453d720f4e1388853887636a13a,
        type: 3}
      propertyPath: m_LocalEulerAnglesHint.x
      value: 0
      objectReference: {fileID: 0}
    - target: {fileID: 6629383623060178706, guid: 2740a453d720f4e1388853887636a13a,
        type: 3}
      propertyPath: m_LocalEulerAnglesHint.y
      value: -90.00001
      objectReference: {fileID: 0}
    - target: {fileID: 6629383623060178706, guid: 2740a453d720f4e1388853887636a13a,
        type: 3}
      propertyPath: m_LocalEulerAnglesHint.z
      value: 0
      objectReference: {fileID: 0}
    - target: {fileID: 6629383623060178710, guid: 2740a453d720f4e1388853887636a13a,
        type: 3}
      propertyPath: m_Mesh
      value: 
      objectReference: {fileID: 0}
    - target: {fileID: 6629383623060178707, guid: 2740a453d720f4e1388853887636a13a,
        type: 3}
      propertyPath: m_Mesh
      value: 
      objectReference: {fileID: 0}
    m_RemovedComponents: []
  m_SourcePrefab: {fileID: 100100000, guid: 2740a453d720f4e1388853887636a13a, type: 3}
--- !u!4 &8898149728258719539 stripped
Transform:
  m_CorrespondingSourceObject: {fileID: 6629383623060178706, guid: 2740a453d720f4e1388853887636a13a,
    type: 3}
  m_PrefabInstance: {fileID: 2845387999851722785}
  m_PrefabAsset: {fileID: 0}
--- !u!1001 &3273373875257357461
PrefabInstance:
  m_ObjectHideFlags: 0
  serializedVersion: 2
  m_Modification:
    m_TransformParent: {fileID: 8940825171940337102}
    m_Modifications:
    - target: {fileID: 6629383623060178705, guid: 2740a453d720f4e1388853887636a13a,
        type: 3}
      propertyPath: m_Name
      value: Wall_Door (2)
      objectReference: {fileID: 0}
    - target: {fileID: 6629383623060178706, guid: 2740a453d720f4e1388853887636a13a,
        type: 3}
      propertyPath: m_LocalPosition.x
      value: 0
      objectReference: {fileID: 0}
    - target: {fileID: 6629383623060178706, guid: 2740a453d720f4e1388853887636a13a,
        type: 3}
      propertyPath: m_LocalPosition.y
      value: 0
      objectReference: {fileID: 0}
    - target: {fileID: 6629383623060178706, guid: 2740a453d720f4e1388853887636a13a,
        type: 3}
      propertyPath: m_LocalPosition.z
      value: -4
      objectReference: {fileID: 0}
    - target: {fileID: 6629383623060178706, guid: 2740a453d720f4e1388853887636a13a,
        type: 3}
      propertyPath: m_LocalRotation.x
      value: 0
      objectReference: {fileID: 0}
    - target: {fileID: 6629383623060178706, guid: 2740a453d720f4e1388853887636a13a,
        type: 3}
      propertyPath: m_LocalRotation.y
      value: 0
      objectReference: {fileID: 0}
    - target: {fileID: 6629383623060178706, guid: 2740a453d720f4e1388853887636a13a,
        type: 3}
      propertyPath: m_LocalRotation.z
      value: 0
      objectReference: {fileID: 0}
    - target: {fileID: 6629383623060178706, guid: 2740a453d720f4e1388853887636a13a,
        type: 3}
      propertyPath: m_LocalRotation.w
      value: 1
      objectReference: {fileID: 0}
    - target: {fileID: 6629383623060178706, guid: 2740a453d720f4e1388853887636a13a,
        type: 3}
      propertyPath: m_RootOrder
      value: 2
      objectReference: {fileID: 0}
    - target: {fileID: 6629383623060178706, guid: 2740a453d720f4e1388853887636a13a,
        type: 3}
      propertyPath: m_LocalEulerAnglesHint.x
      value: 0
      objectReference: {fileID: 0}
    - target: {fileID: 6629383623060178706, guid: 2740a453d720f4e1388853887636a13a,
        type: 3}
      propertyPath: m_LocalEulerAnglesHint.y
      value: 0
      objectReference: {fileID: 0}
    - target: {fileID: 6629383623060178706, guid: 2740a453d720f4e1388853887636a13a,
        type: 3}
      propertyPath: m_LocalEulerAnglesHint.z
      value: 0
      objectReference: {fileID: 0}
    - target: {fileID: 6629383623060178710, guid: 2740a453d720f4e1388853887636a13a,
        type: 3}
      propertyPath: m_Mesh
      value: 
      objectReference: {fileID: 0}
    - target: {fileID: 6629383623060178707, guid: 2740a453d720f4e1388853887636a13a,
        type: 3}
      propertyPath: m_Mesh
      value: 
      objectReference: {fileID: 0}
    m_RemovedComponents: []
  m_SourcePrefab: {fileID: 100100000, guid: 2740a453d720f4e1388853887636a13a, type: 3}
--- !u!4 &8173208096035402631 stripped
Transform:
  m_CorrespondingSourceObject: {fileID: 6629383623060178706, guid: 2740a453d720f4e1388853887636a13a,
    type: 3}
  m_PrefabInstance: {fileID: 3273373875257357461}
  m_PrefabAsset: {fileID: 0}
